 Dungeon Crawl Stone Soup version 0.27.1 (webtiles) character file.

Game seed: 11663521926118383800

72 Malachi the Vexing (level 4, 0/32 HPs)
             Began as a Formicid Arcane Marksman on Aug 25, 2021.
             Was a Believer of Yredelemnul.
             Succumbed to an adder's poison
             ... on level 2 of the Dungeon.
             The game lasted 00:02:29 (2059 turns).

Malachi the Vexing (Formicid Arcane Marksman)       Turns: 2059, Time: 00:02:30

Health: 0/32       AC:  2    Str: 14    XL:     4   Next: 48%
Magic:  5/5        EV: 12    Int: 15    God:    Yredelemnul [**....]
Gold:   40         SH:  0    Dex: 12    Spells: 4/5 levels left

rFire    . . .     SeeInvis +   a - +0 hunting sling
rCold    . . .     Faith    .   (no shield)
rNeg     . . .     Spirit   .   d - +0 robe
rPois    .         Reflect  .   (helmet unavailable)
rElec    .         Harm     .   (no cloak)
rCorr    .         Rampage  .   (no gloves)
Will     .....                  (no boots)
Stlth    +.........             (no amulet)
HPRegen  0.10/turn              (no ring)
MPRegen  0.09/turn              (no ring)

@: lethally poisoned (0 -> -3)
A: permanent stasis, dig shafts and tunnels, antennae 3, four strong arms,
talons 1, clever 1, deterioration 1
a: Dig, Shaft Self, Renounce Religion, Animate Remains, Recall Undead Slaves,
Injury Mirror


You were on level 2 of the Dungeon.
You worshipped Yredelemnul.
Yredelemnul was pleased with you.
You visited 1 branch of the dungeon, and saw 2 of its levels.

You collected 40 gold pieces.

Inventory:

Hand Weapons
 a - a +0 hunting sling (weapon)
Missiles
 c - 9 sling bullets
 g - 15 stones (quivered ammo)
Armour
 d - a +0 robe (worn)
Magical Staves
 f - a staff of cold
Jewellery
 e - an amulet of guardian spirit
Scrolls
 h - 2 scrolls of identify {unknown}
 i - 2 scrolls of enchant weapon {unknown}
 j - a scroll of brand weapon {unknown}


   Skills:
 + Level 1.2 Fighting
 + Level 0.1 Staves
 + Level 3.9 Slings
 + Level 2.3 Dodging
 + Level 0.2 Stealth
 + Level 1.1 Spellcasting
 + Level 4.1 Hexes


You had 4 spell levels left.
You knew the following spells:

 Your Spells              Type           Power      Damage    Failure   Level
a - Corona                Hex            14%        N/A       4%          1

Your spell library contained the following spells:

 Spells                   Type           Power      Damage    Failure   Level
 Slow                     Hex            13%        N/A       7%          2
 Animate Skeleton         Necr           0%         N/A       24%         1
 Apportation              Tloc           0%         N/A       24%         1
 Summon Small Mammal      Summ           0%         N/A       24%         1
 Inner Flame              Hex/Fire       7%         N/A       30%         3
 Portal Projectile        Hex/Tloc       14%        N/A       30%         3
 Cause Fear               Hex            6%         N/A       41%         4


Dungeon Overview and Level Annotations

Branches:
Dungeon (2/15)

Altars:
Yredelemnul

Shops:
D:2 [


Innate Abilities, Weirdness & Mutations

You cannot be hasted, slowed, berserked, paralysed or teleported.
You can dig through walls and to a lower floor.
You have a pair of large antennae on your head. (SInv)
Your four strong arms can wield two-handed weapons with a shield.
You have sharp toenails.
Your mind is acute. (Int +2)
Your body sometimes deteriorates upon taking damage.


Message History

You feel very sick. The adder bites you.
You are too injured to fight recklessly!
You are too injured to fight recklessly!
You are too injured to fight recklessly!
Okay, then.
Fire: 16 stones
Press: ? - help, Q - select action, (/) - cycle Shift-Dir - straight line, f/p - adder
Aim: an adder (severely wounded, 38% to hit)
You shoot a stone. The stone hits the adder.
You kill the adder!
Yredelemnul accepts your kill.
You can now recall your undead slaves.
You can now mirror injuries on your foes.
You feel very sick.
Fire: 15 stones
Press: ? - help, Q - select action, (/) - cycle Shift-Dir - straight line, f - you Really target yourself?
Okay, then.
There is a lethal amount of poison in your body!
There is a lethal amount of poison in your body!
It was a potion of mutation.
You feel extremely strange.
Your toenails lengthen and sharpen.
You feel yourself wasting away.
You feel clever.
* * * LOW HITPOINT WARNING * * *
You feel very sick.
Unknown command.
There is a lethal amount of poison in your body!
There is a lethal amount of poison in your body!
* * * LOW HITPOINT WARNING * * *
You feel sick.
* * * LOW HITPOINT WARNING * * *
You feel sick.
* * * LOW HITPOINT WARNING * * *
You feel sick.
* * * LOW HITPOINT WARNING * * *
You feel sick.
* * * LOW HITPOINT WARNING * * *
You feel sick.
You die...
Your body rises from the dead as a mindless zombie.

#.......####..##..##.##
####.##.# #..##.......
#. #†# #..###.##.## #.
#<# #..# #.##.# ###.##.#
#..###.##.# #......#
#.........#
.###......#####.###.####
..(...........#.# #.#
###(.(.@...#... #.#
#(...†..###.# #.#
########.#.# #.# #######
#..# #.#
#......##..#####.#
#..............#
##............##
#..≈≈........#
##.≈..≈.......##


There were no monsters in sight!

Vanquished Creatures
  A gnoll (D:1)
  An adder (D:2)
  7 endoplasms
  A giant cockroach (D:1)
  6 hobgoblins
  9 jackals
  2 quokkas
  3 ball pythons
  2 bats
  A frilled lizard (D:1)
  5 goblins
  3 kobolds (D:1)
  5 rats
46 creatures vanquished.

Notes
Turn   | Place    | Note
-------+----------+-------------------------------------------
     0 | D:1      | Malachi the Formicid Arcane Marksman began the quest for
                  | the Orb.
     0 | D:1      | Reached XP level 1. HP: 15/15 MP: 2/2
    88 | D:1      | Reached XP level 2. HP: 21/21 MP: 3/3
   158 | D:1      | Reached skill level 4 in Hexes
   328 | D:1      | Reached XP level 3. HP: 4/26 MP: 4/4
  1052 | D:2      | Found a faded altar of an unknown god.
  1096 | D:2      | Became a worshipper of Yredelemnul the Dark
  1096 | D:2      | Reached * piety under Yredelemnul
  1133 | D:2      | Found Ikoxabiff's Armour Boutique.
  1245 | D:2      | Reached XP level 4. HP: 20/32 MP: 5/5
  2052 | D:2      | Reached ** piety under Yredelemnul
  2053 | D:2      | Gained mutation: You have sharp toenails. [potion of
                  | mutation]
  2053 | D:2      | Gained mutation: Your body sometimes deteriorates upon
                  | taking damage. [potion of mutation]
  2053 | D:2      | Gained mutation: Your mind is acute. (Int +2) [potion of
                  | mutation]
  2057 | D:2      | HP: 1/32 [poisoned by an adder]
  2059 | D:2      | Succumbed to an adder's poison

Illustrated notes

Levels and vault maps discovered:
D:1:      onia_arrival_mini_maze_b, layout_rooms, minmay_crystal_water,
          minmay_box_of_dots
D:2:      cheibrodos_helix_gallery, layout_loops_ring, serial_shops,
          nicolae_shop_stone, ebering_ecumenical_altar_webs

Skill      XL: |  1  2 |
---------------+-------+-----
Dodging        | 2 |  2.3
Hexes          | 4 |  4.1
Slings         | 3 |  3.9
Fighting       | |  1.2
Staves         | |  0.1
Stealth        | |  0.2
Spellcasting   | |  1.1

Action                   |  1- 3 |  4- 6 || total
-------------------------+-------+-------++-------
Melee: Staff             |     2 |    36 ||    38
 Fire: Hunting sling     |    89 |    21 ||   110
  Use: Potion            |       |     1 ||     1
Armor: Robe              |    11 |     6 ||    17
Dodge: Dodged            |    36 |    24 ||    60
